 Dungeon Crawl Stone Soup version 0.22.1-2-g9c5b331383 (webtiles) character file.

60 Peloso the Shield-Bearer (level 3, -2/33 HPs)
             Began as a Minotaur Fighter on Dec 30, 2018.
             Slain by Natasha (3 damage)
             ... on level 2 of the Dungeon.
             The game lasted 00:02:00 (1124 turns).

Peloso the Shield-Bearer (Minotaur Fighter)         Turns: 1124, Time: 00:02:01

Health: -2/33      AC:  8    Str: 20    XL:     3   Next: 80%
Magic:  2/2        EV: 12    Int:  5    God:
Gold:   15         SH: 10    Dex: 15    Spells: 2/2 levels left

rFire    . . .     SeeInvis .   a - +0 long sword
rCold    + . .     Gourm    .   c - +0 shield
rNeg     . . .     Faith    .   b - +0 scale mail
rPois    +         Spirit   .   (helmet restricted)
rElec    .         Reflect  .   (no cloak)
rCorr    .         Harm     .   (no gloves)
MR       .....                  i - +0 pair of boots (curse)
Stlth    +.........             (no amulet)
HPRegen  0.11/turn              m - ring of flight
MPRegen  0.08/turn              (no ring)

@: agile, slowed, very slow
A: retaliatory headbutt, claws 1, horns 2, cold resistance 1, poison resistance,
MP-powered wands
a: Evoke Flight


You were on level 2 of the Dungeon.
You were hungry.

You visited 1 branch of the dungeon, and saw 2 of its levels.

You collected 15 gold pieces.

Inventory:

Hand Weapons
 a - a +0 long sword (weapon)
Armour
 b - a +0 scale mail (worn)
 c - a +0 shield (worn)
 i - a cursed +0 pair of boots (worn)
Jewellery
 m - a ring of flight (left claw)
Scrolls
 j - a scroll of identify {unknown}
 l - a scroll of remove curse {unknown}
 o - a scroll of fog {unknown}
Potions
 d - a potion of might
 h - a potion of curing {unknown}
 k - a potion of lignification {unknown}
 n - a potion of heal wounds {unknown}
Comestibles
 f - 3 rations


   Skills:
 + Level 4.2 Fighting
 + Level 3.4 Long Blades
 + Level 4.0 Armour
 + Level 0.1 Dodging
 + Level 4.4 Shields


You had 2 spell levels left.
You didn't know any spells.
Your spell library was empty.

Dungeon Overview and Level Annotations

Branches:
Dungeon (2/15)

Altars:

Annotations:
D:2 Jessica, Natasha


Innate Abilities, Weirdness & Mutations

You reflexively headbutt those who attack you in melee.
You have a pair of horns on your head.
You have sharp fingernails.
Your flesh is cold resistant. (rC+)
Your system is resistant to poisons. (rPois)
You expend magic power (3 MP) to strengthen your wands.


Message History

* * * LOW HITPOINT WARNING * * *
You block Jessica's attack.
It was a potion of agility.
You feel agile all of a sudden. The crimson imp misses you.
You furiously retaliate!
You headbutt the crimson imp. Natasha closely misses you.
You furiously retaliate!
You headbutt Natasha. You block Jessica's attack. You block Natasha's attack.
The crimson imp hits you but does no damage.
You closely miss Natasha. Your headbutt misses Natasha.
Natasha is moderately wounded.
* * * LOW HITPOINT WARNING * * *
You feel sick.
You are no longer poisoned.
Jessica gestures wildly.
Jessica barely misses you.
You riposte.
You hit Jessica. Your headbutt misses Jessica.
Jessica is moderately wounded.
Natasha claws you.
You die...

....# ... ...####...
.......... ..
............. ...
............. #'###
#............
.#....##............
.......#.5..........
.......#@h...........
.......#@5...........
.......)5............
.........###.........
..5......# #.......#
.........# #.......#
.......### #.......#
.......#####.......#
$......#.........###


You could see an iron imp, Natasha, a crimson imp, a shadow imp and Jessica.

Vanquished Creatures
  Natasha (D:2)
  An adder (D:2)
  2 leopard geckos (D:1)
  3 giant cockroaches
  A goblin (D:2)
  A hobgoblin (D:1)
  A quokka (D:2)
  3 bats
  3 frilled lizards
  6 kobolds
  5 rats (D:1)
27 creatures vanquished.

Notes
Turn   | Place    | Note
-------+----------+-------------------------------------------
     0 | D:1      | Peloso the Minotaur Fighter began the quest for the Orb.
     0 | D:1      | Reached XP level 1. HP: 19/19 MP: 0/0
   107 | D:1      | Reached XP level 2. HP: 25/27 MP: 1/1
   796 | D:2      | Noticed Natasha
   798 | D:2      | Noticed a crimson imp
   802 | D:2      | Killed Natasha
   802 | D:2      | Reached XP level 3. HP: 8/33 MP: 2/2
  1109 | D:2      | Noticed Jessica
  1110 | D:2      | Noticed Natasha
  1122 | D:2      | Gained mutation: Your flesh is cold resistant. (rC+)
                  | [potion of mutation]
  1122 | D:2      | Gained mutation: Your system is resistant to poisons.
                  | (rPois) [potion of mutation]
  1122 | D:2      | Gained mutation: You expend magic power (3 MP) to
                  | strengthen your wands. [potion of mutation]
  1122 | D:2      | Gained mutation: You have sharp fingernails. [potion of
                  | mutation]
  1122 | D:2      | HP: 1/33 [crimson imp[Natasha] (3)]
  1124 | D:2      | Slain by Natasha

Skill      XL: |  1  2 |
---------------+-------+-----
Shields        | 4 |  4.4
Armour         | 4 |  4.0
Fighting       | 4 |  4.2
Long Blades    | 3 |  3.4
Dodging        | |  0.1

Action                   || total
-------------------------++-------
Melee: Long sword        ||    62
       Headbutt          ||    10
  Use: Potion            ||     2
Armor: Scale mail        ||    25
Dodge: Dodged            ||    30
Block: Shield            ||    48
       Rpst.: Long sword ||    13
